 Dungeon Crawl Stone Soup version 0.29-a0-925-g0a7a3d12f8 (webtiles) character file.

Game seed: 6298294104712084294

263392 pgiattino the Warrior (level 19, -2/97 HPs)
             Began as a Felid Summoner on July 27, 2022.
             Was an Initiate of Gozag.
             Slain by a rockslime (39 damage)
             ... on level 5 of the Pits of Slime on July 28, 2022.
             The game lasted 05:28:32 (79859 turns).

pgiattino the Warrior (Felid Summoner)             Turns: 79859, Time: 05:28:33

Health: -2/97      AC: 13    Str:  8    XL:     19   Next: 25%
Magic:  18/41      EV: 41    Int: 21    God:    Gozag
Gold:   728        SH:  0    Dex: 17    Spells: 2/52 levels left
                                        Lives:  0   Deaths: 6

rFire   . . .      SeeInvis +     - Unarmed
rCold   . . .      Faith    .   (shield unavailable)
rNeg    . . .      Spirit   .   (body armour unavailable)
rPois   ∞          Reflect  .   (helmet unavailable)
rElec   +          Harm     .   (cloak unavailable)
rCorr   +          Rampage  .   (gloves unavailable)
Will    +++..                   (boots unavailable)
Stlth   +++++.....              K - amulet "Jampoimp" {rElec Regen+ Str+4}
HPRegen 1.06/turn               V - ring of Wenu {Will+ Slay+4}
MPRegen 0.27/turn               X - ring "Qiupsura" {rPois rCorr EV+4 Int-3 SInv}

@: storm-form, forested, corroded, gold aura, flying
A: cleaving, insubstantial, flying, very small, (claws 1), (fangs 3), see
invisible, (speed 1), (shaggy fur 3), (stealthy paws), no weapons or thrown
items, no armour, multi-lived
}: 2/15 runes: decaying, gossamer
a: Blinkbolt, End Transformation, Renounce Religion, Potion Petition, Call
Merchant, Bribe Branch


You were on level 5 of the Pits of Slime.
You worshipped Gozag.
Gozag was pleased with you.
You were a lightning-filled tempest!
You visited 9 branches of the dungeon, and saw 43 of its levels.
You also visited: Desolation.

You collected 21501 gold pieces.
You spent 10637 gold pieces at shops.
You paid 10136 gold pieces to Gozag.

Inventory:

Jewellery
 g - a ring of protection from fire
 h - the ring "Veociuh" {SInv Stlth+}
   (You bought it in a shop on level 1 of the Orcish Mines)

   [ring of see invisible]

   SInv:      It lets you see invisible.
   Stlth:     It makes you more stealthy.
 q - the ring "Rooduc" {rElec AC+4}
   (You found it in the Desolation of Salt)

   [ring of protection]

   AC:        It affects your AC (+4).
   rElec:     It insulates you from electricity.
 r - the ring "Oshras Xuip" {Fire Drain Fly Will+ Stlth+}
   (You found it in the Desolation of Salt)

   [ring of fire]

   It enhances your fire magic.
   rF:        It protects you from fire.
   rC:        It makes you vulnerable to cold.
   Fly:       It grants you flight.
   Drain:     It drains your maximum health when unequipped.
   Will:      It increases your willpower.
   Stlth:     It makes you more stealthy.
 y - the ring of Qomn {Will+ Dex+3}
   (You found it in the Desolation of Salt)

   [ring of willpower]

   Dex:       It affects your dexterity (+3).
   Will:      It increases your willpower.
 A - a ring of positive energy
 C - the ring of Ygat Qiz {MP+9 Int+3}
   (You bought it in a shop on level 1 of the Orcish Mines)

   [ring of magical power]

   Int:       It affects your intelligence (+3).
   MP:        It affects your magic capacity (+9).
 F - the ring of the Mage {Wiz Archmagi}
   (You bought it in a shop on level 1 of the Orcish Mines)

   [ring of wizardry]

   It improves your spell success rate.
   Archmagi:  It increases the power of your magical spells.
 H - the ring of Eguanem {Ice rN+ rCorr Dex+3}
   (You found it in the Desolation of Salt)

   [ring of ice]

   It enhances your ice magic.
   Dex:       It affects your dexterity (+3).
   rF:        It makes you vulnerable to fire.
   rC:        It protects you from cold.
   rN:        It protects you from negative energy.
   rCorr:     It protects you from acid and corrosion.
 I - the ring "Tewkatef" {Wiz rF+ Int+2}
   (You found it in the Desolation of Salt)

   [ring of wizardry]

   It improves your spell success rate.
   Int:       It affects your intelligence (+2).
   rF:        It protects you from fire.
 K - the amulet "Jampoimp" (around neck) {rElec Regen+ Str+4}
   (You acquired it on level 11 of the Dungeon)

   [amulet of regeneration]

   Str:       It affects your strength (+4).
   rElec:     It insulates you from electricity.
   Regen:     It increases your rate of health regeneration.
 L - the ring of Xuaff {+Blink rElec rC+ Stlth-}
   (You bought it in a shop on level 1 of the Orcish Mines)

   [ring of protection from cold]

   rC:        It protects you from cold.
   rElec:     It insulates you from electricity.
   +Blink:    It lets you blink.
   Stlth:     It makes you less stealthy.
 Q - the ring "Kuikecs" {rN+ Will+}
   (You bought it in a shop on level 1 of the Orcish Mines)

   [ring of positive energy]

   rN:        It protects you from negative energy.
   Will:      It increases your willpower.
 R - the amulet of Wiapejeh {Reflect *Slow rF+++ Will+ SH+5}
   (You took it off a deep elf annihilator on level 3 of the Elven Halls)

   [amulet of reflection]

   It reflects blocked missile attacks.
   rF:        It renders you almost immune to fire.
   *Slow:     It may slow you when you take damage.
   SH:        It affects your SH (+5).
   Will:      It increases your willpower.
 V - the ring of Wenu (left paw) {Will+ Slay+4}
   (You found it on level 3 of the Spider Nest)

   [ring of slaying]

   Slay:      It affects your accuracy & damage with ranged weapons and melee
   (+4).
   Will:      It increases your willpower.
 W - the ring "Ozist" {Fire rN+}
   (You took it off a deep elf blademaster on level 3 of the Elven Halls)

   [ring of fire]

   It enhances your fire magic.
   rF:        It protects you from fire.
   rC:        It makes you vulnerable to cold.
   rN:        It protects you from negative energy.
 X - the ring "Qiupsura" (right paw) {rPois rCorr EV+4 Int-3 SInv}
   (You found it on level 1 of the Swamp)

   [ring of evasion]

   EV:        It affects your evasion (+4).
   Int:       It affects your intelligence (-3).
   rPois:     It protects you from poison.
   SInv:      It lets you see invisible.
   rCorr:     It protects you from acid and corrosion.
 Z - a ring of protection from cold
Wands
 f - a wand of roots (15)
 E - a wand of mindburst (5)
 G - a wand of digging (7)
 N - a wand of light (19)
Scrolls
 d - 10 scrolls of blinking
 l - 19 scrolls of teleportation
 m - 5 scrolls of fog
 s - 10 scrolls of amnesia
 t - 2 scrolls of silence
 B - 7 scrolls of immolation
 D - 12 scrolls of fear
 J - 3 scrolls of torment
 O - 4 scrolls of vulnerability
 P - 9 scrolls of poison
 U - 3 scrolls of summoning
Potions
 a - 3 potions of magic
 b - 15 potions of curing
 c - 8 potions of attraction
 i - 6 potions of resistance
 j - 7 potions of might
 k - 7 potions of heal wounds
 n - 12 potions of haste
 o - 2 potions of invisibility
 p - 15 potions of ambrosia
 u - 8 potions of brilliance
 v - 3 potions of mutation
 w - 7 potions of lignification
 x - 9 potions of flight
 z - 5 potions of cancellation
 S - 4 potions of berserk rage
Miscellaneous
 e - a phial of floods
 M - a lightning rod (4/4)
 T - a condenser vane
 Y - a phantom mirror


   Skills:
 + Level 17.7 Fighting
 + Level 17.7 Dodging
 - Level 12.0 Stealth
 + Level 14.3 Unarmed Combat
 + Level 17.2 Spellcasting
 - Level 3.0 Hexes
 + Level 10.9 Summonings
 + Level 16.0 Translocations
 - Level 17.0 Transmutations
 + Level 16.6 Air Magic


You had 2 spell levels left.
You knew the following spells:

 Your Spells              Type           Power      Damage    Failure   Level
a - Storm Form            Tmut/Air       36%        N/A       2%          7
b - Blink                 Tloc           100%       N/A       0%          2
c - Call Canine Familiar  Summ           59%        N/A       1%          3
d - Summon Guardian Gole  Hex/Summ       47%        N/A       1%          3
e - Summon Lightning Spi  Summ/Air       66%        N/A       1%          4
f - Summon Forest         Summ/Tloc      33%        N/A       1%          5
g - Summon Mana Viper     Hex/Summ       47%        N/A       4%          5
i - Irradiate             Conj/Tmut      26%        3d20      2%          5
m - Malign Gateway        Summ/Tloc      33%        N/A       10%         7
p - Passage of Golubria   Tloc           72%        N/A       1%          4
x - Manifold Assault      Tloc           72%        N/A       1%          5

Your spell library contained the following spells:

 Spells                   Type           Power      Damage    Failure   Level
 Apportation              Tloc           100%       N/A       0%          1
 Beastly Appendage        Tmut           100%       N/A       0%          1
 Wereblood                Tmut           74%        N/A       0%          2
 Shock                    Conj/Air       100%       1d9       1%          1
 Slow                     Hex            100%       N/A       1%          1
 Summon Small Mammal      Summ           100%       N/A       1%          1
 Call Imp                 Summ           59%        N/A       1%          2
 Passwall                 Tmut/Erth      43%        N/A       1%          2
 Static Discharge         Conj/Air       52%        3-10/arc  1%          2
 Ensorcelled Hibernation  Hex/Ice        48%        N/A       2%          2
 Freeze                   Ice            72%        1d9       3%          1
 Sandblast                Erth           36%        2d10      3%          1
 Sublimation of Blood     Necr           18%        N/A       4%          2
 Gell's Gravitas          Tloc           72%        N/A       0%          3
 Lesser Beckoning         Tloc           72%        N/A       0%          3
 Swiftness                Air            73%        N/A       0%          3
 Teleport Other           Tloc           72%        N/A       0%          3
 Ignite Poison            Fire/Tmut/Pois 41%        N/A       1%          3
 Mephitic Cloud           Conj/Pois/Air  41%        N/A       1%          3
 Spider Form              Tmut/Pois      52%        N/A       1%          3
 Airstrike                Air            36%        0-12+     1%          4
 Petrify                  Tmut/Erth      52%        N/A       1%          4
 Blade Hands              Tmut           37%        N/A       1%          5
 Silence                  Hex/Air        28%        N/A       1%          5
 Yara's Violent Unravell  Hex/Tmut       28%        3d12      1%          5
 Dispersal                Tloc           36%        N/A       1%          6
 Tukima's Dance           Hex            30%        N/A       2%          3
 Alistair's Intoxication  Tmut/Pois      34%        N/A       2%          5
 Lightning Bolt           Conj/Air       26%        1d42      2%          5
 Dragon Form              Tmut           37%        N/A       2%          7
 Summon Ice Beast         Ice/Summ       41%        N/A       3%          4
 Dazzling Flash           Conj/Hex       48%        N/A       4%          3
 Summon Cactus Giant      Summ           29%        N/A       5%          6
 Cause Fear               Hex            15%        N/A       9%          4
 Freezing Cloud           Conj/Ice/Air   20%        6-21      9%          5
 Conjure Flame            Conj/Fire      18%        6-21      10%         3
 Ozocubu's Armour         Ice            18%        N/A       10%         3
 Stone Arrow              Conj/Erth      36%        3d9       10%         3
 Vampiric Draining        Necr           18%        2d7       10%         3
 Eringya's Noxious Bog    Tmut/Pois      26%        N/A       14%         6
 Statue Form              Tmut/Erth      34%        N/A       14%         6
 Conjure Ball Lightning   Conj/Air       26%        3x3d7     16%         6
 Leda's Liquefaction      Hex/Erth       12%        N/A       17%         4
 Monstrous Menagerie      Summ           29%        N/A       28%         7
 Summon Hydra             Summ           29%        N/A       28%         7
 Disjunction              Tloc           36%        N/A       28%         8
 Dispel Undead            Necr           18%        3d11      30%         4
 Sticky Flame             Conj/Fire      18%        2d4       30%         4
 Metabolic Englaciation   Hex/Ice        12%        N/A       43%         5
 Agony                    Necr           18%        N/A       65%         5
 Borgnjor's Vile Clutch   Necr/Erth      9%         N/A       65%         5
 Fireball                 Conj/Fire      9%         3d6       65%         5
 Iskenderun's Battlesphe  Conj           18%        2d7       65%         5
 Lee's Rapid Deconstruct  Erth           9%         3d8*      65%         5
 Summon Horrible Things   Summ           29%        N/A       92%         8
 Spellforged Servitor     Conj/Summ      20%        N/A       95%         7
 Death Channel            Necr           9%         N/A       99%         6
 Iron Shot                Conj/Erth      9%         9d3       99%         6
 Orb of Destruction       Conj           9%         9d6       100%        7
 Ozocubu's Refrigeration  Ice            9%         4d6       100%        7
 Discord                  Hex            15%        N/A       100%        8
 Infestation              Necr           9%         N/A       100%        8
 Lehudib's Crystal Spear  Conj/Erth      9%         10d4      100%        8
 Death's Door             Necr           9%         N/A       100%        9
 Dragon's Call            Summ           29%        N/A       100%        9
 Corpse Rot               Necr/Pois/Air  Unusable   N/A       N/A         4
 Animate Dead             Necr           Unusable   N/A       N/A         4

Dungeon Overview and Level Annotations

Branches:
Dungeon (15/15)            Temple (1/1) D:7            Lair (5/5) D:9
  Swamp (4/4) Lair:2       Spider (4/4) Lair:2        Slime (5/5) Lair:4
    Orc (2/2) D:9             Elf (3/3) Orc:2        Vaults (4/5) D:14
  Crypt (0/3) Vaults:2     Depths (0/4) D:15        Desolation (visited)

Altars:
Ashenzari
Cheibriados
Dithmenos
Elyvilon
Fedhas
Gozag
Hepliaklqana
Kikubaaqudgha
Makhleb
Nemelex Xobeh
Okawaru
Qazlal
Ru
Sif Muna
Trog
Uskayaw
Vehumet
Wu Jian
Xom
Yredelemnul
Zin
The Shining One

Shops:
D:6 :   D:9 [   D:13 =   Orc:1 !=:=??   Orc:2 (*((   Vaults:1 *

Portals:
Trove: Vaults:2 (give 2 scrolls of acquirement)

Annotations:
Elf:2 3 runed translucent doors


Innate Abilities, Weirdness & Mutations

You are a lightning-filled tempest!
Your electrical attacks strike out in all directions at once.
You are incredibly evasive.
Your insubstantial body is immune to petrification, constriction, and being set on fire You are flying.
You are immune to poison.
((You have sharp claws.))
((You have razor-sharp teeth.))
You have supernaturally acute eyesight. (SInv)
((You cover ground quickly. (Speed+)))
((Your thick and shaggy fur keeps you warm. (AC +3, rC+)))
((Your paws help you pounce on unaware monsters.))
You are incapable of wielding weapons or throwing items.
You cannot wear armour.
You gain extra lives every three experience levels.


Message History

You are shoved backwards!
Unknown command.
The rockslime completely misses you.
Unknown command.
Casting: Manifold Assault (safe; 1% risk of failure)
Confirm with . or Enter, or press ? or * to list all spells.
A forested plane collides here with a resounding crunch!
Your dryad calls out to the forest.
The forest starts to sway and rumble!
The acid blob spits acid at you. The splash of acid misses you.
The rockslime completely misses you.
Unknown command.
Unknown command.
You buffet the acid blob!
Lightning courses through the acid blob!
You kill the acid blob!
You buffet the rockslime!
The rockslime misses you.
Unknown command.
You batter the rockslime!!
The rockslime is heavily wounded.
Branches wave dangerously above you.
An acid blob comes into view.
The rockslime barely misses you.
Your dryad calls out to the forest.
Vines fly forth from the trees!
You hit the rockslime but do no damage.
The rockslime is heavily wounded.
The acid blob spits acid at you. The splash of acid hits you! You resist.
* * * LOW HITPOINT WARNING * * *
The rockslime completely misses you.
Unknown command.
You batter the rockslime!!
The rockslime is severely wounded.
Your snaplasher vine hits the rockslime but does no damage.
Your snaplasher vine hits the acid blob!
Your snaplasher vine is burned by acid!
The rockslime hits you!!!
You die...
Your body crumbles into a pile of gold.

$$# $$ #......... .
$###....♣........
###.####........Jw♣.....
#...#..#................
........................
............♣......^....
............│...........
........♣....w.........#
..............$vR─♣.#
..........♣....Jw...♣
.................♣###
..................#
.................#♣
........♣.....♣..#
................##
.............♣##
........#


You could see an acid blob (ally target), a rockslime (ally target), a friendly
dryad (summoned) and 3 friendly snaplasher vines.

Vanquished Creatures
  Sojobo (Vaults:4)
  Bai Suzhen (Vaults:3)
  Boris (Vaults:4)
  the Lernaean hydra (Swamp:4)
  Margery (Vaults:2)
  Xtahua (Vaults:3)
  Saint Roka (Vaults:1)
  Mlioglotl (Lair:2)
  A lich (Vaults:3)
  3 acid blobs
  A deep elf master archer (Elf:3)
  2 sphinxes
  2 tengu reavers
  2 thorn hunters
  Roxanne (Elf:3)
  2 azure jellies
  A revenant (Vaults:2)
  A deep elf sorcerer (Vaults:2)
  4 rockslimes
  9 vault wardens
  An imperial myrmidon (Desolation)
  4 emperor scorpions
  3 ghost moths
  An orc warlord (Vaults:3)
  20 ironbound preservers
  2 deep elf elementalists (Elf:3)
  6 very ugly things
  5 quicksilver oozes
  A broodmother (Spider:2)
  8 ironbound thunderhulks
  2 deep elf annihilators (Elf:3)
  4 deep elf demonologists (Elf:3)
  2 stone giants
  The ghost of Ikeowk the Marksspriggan, a journeyman SpAM of Dithmenos (Swamp:2)
  8 entropy weavers
  3 spark wasps
  Nessos (Orc:2)
  2 vampire knights (Vaults:2)
  2 bunyips
  3 eleionomae
  2 halazid warlocks (Desolation)
  13 dire elephants
  3 ettins
  A deep elf death mage (Vaults:2)
  A crystal guardian (Desolation)
  2 shambling mangroves
  6 ragged hierophants (Desolation)
  7 yaktaur captains
  2 deep elf high priests (Elf:3)
  14 hydras
  6 great orbs of eyes
  A servant of whispers (Desolation)
  3 jorogumos (Spider:4)
  4 boulder beetles
  2 vault guards
  A catoblepas (D:13)
  3 peacekeepers (Desolation)
  4 ghost crabs
  2 radroaches (Spider:4)
  7 ironbound frosthearts
  A centaur warrior (D:13)
  7 dancing weapons
  5 death scarabs (Spider:4)
  3 alligators
  10 spriggans
  2 hell knights
  14 deep elf knights
  2 pharaoh ants (Spider:2)
  3 glowing orange brains
  5 steelbarb worms
  6 spriggan druids
  2 orb spiders
  44 deep trolls
  15 swamp dragons
  6 wizards
  2 spectral wolf spiders (Spider:4)
  10 deep elf archers
  15 deep elf zephyrmancers
  3 necromancers
  A wolf spider zombie (Spider:4)
  3 orc knights (Vaults:3)
  20 deep elf pyromancers
  A nameless horror (Elf:3)
  2 phantasmal warriors
  13 ironbound convokers
  7 lindwurms
  A fire giant zombie (Vaults:3)
  6 harpies
  12 wolf spiders
  2 tengu skeletons
  15 ugly things
  3 will-o-the-wisps
  2 moths of wrath
  20 vault sentinels
  A torpor snail (Spider:4)
  6 guardian serpents (Desolation)
  2 demonic crawlers (Spider:4)
  A molten gargoyle (Desolation)
  2 spectral redbacks (Spider:4)
  A human zombie (Vaults:1)
  27 yaktaurs
  A komodo dragon (Lair:5)
  A troll (Vaults:1)
  11 hornets
  A spectral tarantella (Spider:4)
  44 saltlings (Desolation)
  A spectral culicivora (Spider:4)
  14 tarantellas
  7 tyrant leeches
  A spectral jumping spider (Spider:4)
  A blink frog (Lair:5)
  A jumping spider zombie (Spider:4)
  A culicivora zombie (Spider:4)
  67 slime creatures
  An ettin skeleton (Vaults:3)
  2 tarantella zombies (Spider:4)
  A deep troll skeleton (Vaults:3)
  12 culicivoras
  10 jumping spiders
  An air elemental (Elf:2)
  2 wraiths
  A fire elemental (Elf:2)
  2 yaks
  A human (D:13)
  10 golden eyes
  17 redbacks
  5 vampire mosquitoes
  15 swamp worms
  A floating eye (Slime:5)
  A floating eye (shapeshifter) (Vaults:2)
  6 swamp drakes
  2 orc warriors
  An ogre (Vaults:1)
  2 wolves (Lair:5)
  3 boggarts (Vaults:1)
  2 centaurs
  4 bullfrogs
  2 human skeletons (Vaults:1)
  An earth elemental (Elf:3)
  2 human simulacra
  A killer bee (D:14)
  2 hounds (D:6)
  An orc priest (Vaults:1)
  5 orc wizards
  An adder (D:4)
  An ufetubus (D:5)
  A worm (D:6)
  A dart slug (D:1)
  14 orcs
  2 bats (D:1)
  An endoplasm (D:3)
  3 goblins
  A quokka (D:1)
  5 ball pythons
  A rat (D:1)
  A fungus (Elf:3)
802 creatures vanquished.

Vanquished Creatures (collateral kills)
  Nikola (Vaults:3)
  3 acid blobs (Slime:4)
  A deep elf master archer (Elf:3)
  2 deep elf blademasters (Elf:3)
  The ghost of iguanaiguana the Thaumaturge, an adept DjSu of Hepliaklqana (Swamp:1)
  A tengu reaver (Vaults:4)
  A rockslime (Slime:1)
  2 vault wardens (Vaults:3)
  An orc warlord (Vaults:3)
  A frost giant (shapeshifter) (Vaults:1)
  A deep elf sorcerer (Elf:3)
  Louise (Spider:2)
  A deep elf elementalist (Elf:3)
  A very ugly thing (Vaults:2)
  A quicksilver ooze (Slime:2)
  2 ironbound preservers
  A broodmother (Spider:4)
  4 ironbound thunderhulks
  A deep elf demonologist (Elf:2)
  2 entropy weavers
  4 dire elephants
  Azrael (Spider:1)
  2 bunyips
  2 deep elf annihilators (Elf:3)
  A spark wasp (Spider:4)
  An ettin (Orc:2)
  3 deep elf death magi
  A fire dragon (D:12)
  A deep elf high priest (Elf:3)
  A yaktaur captain (Vaults:1)
  2 ragged hierophants (Desolation)
  2 boulder beetles (D:12)
  A rakshasa (D:14)
  Erolcha (D:13)
  A servant of whispers (Desolation)
  A spriggan air mage (Swamp:4)
  A great orb of eyes (Slime:4)
  9 hydras
  A ghost crab (Swamp:1)
  7 two-headed ogres
  An ogre mage (D:15)
  9 dancing weapons
  A death scarab (Spider:4)
  A radroach (Spider:2)
  3 death yaks
  2 hell knights (Vaults:3)
  5 orc high priests
  7 deep elf knights
  2 pharaoh ants
  A goliath frog (Swamp:3)
  3 skeletal warriors (D:13)
  A sun moth (Spider:4)
  An orb spider (shapeshifter) (Elf:1)
  2 orb spiders (Spider:4)
  8 deep trolls
  An ironbound convoker (Vaults:1)
  A deep elf archer (Elf:1)
  A spectral wolf spider (Spider:4)
  A harpy (Vaults:1)
  A wizard (Vaults:3)
  A swamp dragon (Swamp:4)
  A harpy (shapeshifter) (Elf:1)
  4 necromancers
  2 orc knights (Orc:2)
  5 orc sorcerers
  12 deep elf pyromancers
  10 deep elf zephyrmancers
  14 ugly things
  2 shining eyes (Slime:3)
  5 wolf spiders
  An oklob plant (Lair:4)
  3 manticores
  A moth of wrath (Spider:1)
  4 cyclopes
  16 elephants
  Maurice (D:9)
  A vault sentinel (Vaults:3)
  4 black mambas
  5 torpor snails
  8 cane toads
  4 gargoyles
  A kobold demonologist (D:11)
  A rime drake (Lair:4)
  7 komodo dragons
  2 unseen horror zombies (D:10)
  2 efreet
  12 yaktaurs
  3 demonic crawlers
  A spectral redback (Spider:4)
  A queen bee (D:14)
  2 trolls
  2 hornets
  A tarantella (shapeshifter) (D:13)
  11 tarantellas
  A tyrant leech (Swamp:1)
  25 slime creatures
  A spectral culicivora (Spider:4)
  A spectral tarantella (Spider:4)
  3 polar bears
  14 blink frogs
  11 dream sheep
  4 wyverns
  7 jumping spiders
  A shadow (D:10)
  A vampire (D:10)
  2 water elementals
  5 wraiths
  11 culicivoras
  10 spriggans
  6 fire elementals
  5 basilisks
  26 yaks
  21 redbacks
  9 humans
  A steam dragon (D:9)
  6 wargs
  4 swamp worms
  9 water moccasins
  A floating eye (shapeshifter) (Elf:1)
  2 hell hounds (Spider:1)
  3 swamp drakes (Swamp:4)
  28 orc warriors
  5 black bears
  3 boggarts
  18 wolves
  11 ogres
  7 centaurs
  2 phantoms
  3 kobold brigands
  3 nameless horrors
  4 elf zombies (Elf:1)
  A gnoll sergeant (Orc:1)
  An earth elemental (Elf:3)
  10 bullfrogs
  3 scorpions
  3 killer bees (D:14)
  3 howler monkeys
  2 electric eels (D:9)
  2 centaur zombies (D:10)
  4 hounds
  A jelly (D:7)
  21 orc priests
  3 iguanas
  Jessica (D:2)
  22 orc wizards
  Ijyb (D:3)
  6 gnolls
  8 adders
  A shadow imp (D:5)
  2 white imps
  2 ufetubi
  6 worms
  95 orcs
  3 ball pythons
  2 bats
  5 endoplasms
  3 giant cockroaches
  14 goblins
  10 hobgoblins
  3 jackals (D:3)
  6 kobolds
  3 quokkas
  4 frilled lizards
  A rat (D:2)
800 creatures vanquished.

Vanquished Creatures (others)
  12 eldritch tentacles
  Donald (Vaults:3)
  An orc warlord (Orc:2)
  A deep elf demonologist (Elf:3)
  2 vault guards (D:14)
  5 hydras
  3 centaur warriors
  2 two-headed ogres
  11 death yaks
  A skeletal warrior (D:13)
  A deep elf pyromancer (Elf:2)
  A lindwurm (Lair:4)
  2 orc knights (Orc:2)
  A wizard (Vaults:1)
  4 ugly things (D:14)
  3 wolf spiders
  A centaur zombie (D:10)
  2 elephants
  A black mamba (Lair:1)
  2 torpor snails
  An unseen horror (D:13)
  2 cane toads (Lair:4)
  3 yaktaurs (D:15)
  A rime drake (Lair:3)
  A komodo dragon (Lair:1)
  5 trolls (Orc:2)
  4 polar bears
  3 meliai (D:14)
  A tarantella (Spider:1)
  2 blink frogs
  4 hornets
  4 slime creatures
  10 dream sheep
  3 culicivoras
  3 spriggans
  A vampire (D:14)
  17 yaks
  3 wyverns
  A basilisk (Lair:5)
  2 vampire mosquitoes (D:13)
  4 redbacks (Spider:1)
  2 large abominations (Elf:1)
  An acid dragon (D:13)
  2 water moccasins
  A swamp drake (Swamp:1)
  9 orc warriors
  3 black bears
  4 ice beasts
  7 wolves
  2 boggarts (Lair:5)
  5 centaurs (D:15)
  An elf zombie (Elf:1)
  A scorpion (D:6)
  8 wights
  15 killer bees
  An orc priest (Orc:2)
  5 iguanas
  An orc wizard (D:5)
  A gnoll (Orc:1)
  An adder (D:5)
  A worm (D:8)
  5 orcs
  A hobgoblin (D:9)
  A nameless horror (Lair:5)
  6 foxfires
  61 fungi
  87 plants
  42 snaplasher vines
  2 withered plants (D:10)
408 creatures vanquished.

Grand Total: 2010 creatures vanquished

Notes
Turn   | Place    | Note
-------+----------+-------------------------------------------
     0 | D:1      | pgiattino the Felid Summoner began the quest for the Orb.
     0 | D:1      | Reached XP level 1. HP: 7/7 MP: 4/4
   133 | D:1      | Found a faded altar of an unknown god.
   211 | D:1      | Reached XP level 2. HP: 8/11 MP: 4/6
   351 | D:1      | Learned a level 2 spell: Call Imp
   987 | D:2      | Reached XP level 3. HP: 14/14 MP: 1/7
  1043 | D:2      | Learned a level 3 spell: Call Canine Familiar
  1583 | D:2      | You fall into a shaft and drop 2 floors!
  2056 | D:3      | Reached XP level 4. HP: 18/18 MP: 1/8
  2531 | D:2      | Reached skill level 1 in Fighting
  2764 | D:2      | Noticed Jessica
  2769 | D:2      | Killed Jessica
  4328 | D:3      | Reached XP level 5. HP: 22/22 MP: 6/10
  4581 | D:3      | Noticed Ijyb
  4729 | D:4      | Learned a level 3 spell: Summon Guardian Golem
  5164 | D:5      | Entered Level 5 of the Dungeon
  5164 | D:5      | Noticed an ice beast
  5425 | D:5      | Noticed a centaur
  5486 | D:5      | Reached skill level 1 in Hexes
  5580 | D:5      | Gained mutation: You are covered in thick fur. (AC +2)
                  | [Felid growth]
  5580 | D:5      | Reached XP level 6. HP: 13/26 MP: 6/11
  5827 | D:5      | Killed an ice beast
  5949 | D:5      | Found a snail-covered altar of Cheibriados.
  5949 | D:5      | Found a sacrificial altar of Ru.
  6042 | D:5      | Reached skill level 5 in Stealth
  6042 | D:5      | Reached skill level 5 in Summonings
  6188 | D:5      | Noticed a nameless horror
  6353 | D:5      | Reached skill level 5 in Dodging
  6353 | D:5      | Reached XP level 7. HP: 30/30 MP: 7/13
  7171 | D:5      | Found a shimmering altar of Xom.
  7236 | D:5      | Found an ancient bone altar of Kikubaaqudgha.
  7242 | D:5      | Found a broken altar of Ashenzari.
  7245 | D:5      | Found an opulent altar of Gozag.
  7248 | D:5      | Found a glowing silver altar of Zin.
  7249 | D:5      | Found an ornate altar of the Wu Jian Council.
  7251 | D:5      | Became a worshipper of Gozag Ym Sagoz the Greedy
  7455 | D:6      | Reached XP level 8. HP: 36/36 MP: 10/15
  7602 | D:6      | Learned a level 4 spell: Summon Lightning Spire
  7674 | D:6      | Found Eteptaje's Tremendous Tomes.
  7982 | D:6      | Reached skill level 1 in Air Magic
  9082 | D:7      | Found a staircase to the Ecumenical Temple.
  9145 | D:7      | Reached skill level 5 in Spellcasting
  9195 | Temple   | Entered the Ecumenical Temple
  9762 | D:7      | Reached skill level 5 in Fighting
  9762 | D:7      | Reached XP level 9. HP: 33/40 MP: 10/17
 11701 | D:8      | Found a shimmering blue altar of Sif Muna.
 12264 | D:9      | Found Nooh's Antique Armour Boutique.
 12285 | D:9      | Noticed a two-headed ogre
 12311 | D:9      | Killed a two-headed ogre
 12312 | D:9      | Reached XP level 10. HP: 46/46 MP: 9/20
 12324 | D:9      | Noticed Maurice
 12734 | D:9      | Killed Maurice
 13154 | D:9      | Found a staircase to the Orcish Mines.
 13604 | D:3      | Killed Ijyb
 14066 | D:9      | Noticed a death yak
 14158 | D:9      | Noticed a death yak
 14183 | D:9      | Killed a death yak
 14207 | D:9      | Noticed a death yak
 14239 | D:9      | Reached skill level 10 in Dodging
 14239 | D:9      | Reached skill level 5 in Air Magic
 14241 | D:9      | Killed a death yak
 14295 | D:9      | Killed a death yak
 14326 | D:9      | Reached XP level 11. HP: 50/50 MP: 2/22
 14584 | D:9      | Found a staircase to the Lair.
 14672 | Orc:1    | Entered Level 1 of the Orcish Mines
 14834 | Lair:1   | Entered Level 1 of the Lair of Beasts
 15416 | Lair:1   | Identified the +10 mace of Prudence {venom, Drain rPois
                  | Int+5}
 15643 | D:6      | Bought the Secrets of Saltpetre for 1260 gold pieces
 16022 | Lair:1   | Reached skill level 1 in Transmutations
 17911 | Orc:1    | Noticed a two-headed ogre
 17919 | Orc:1    | Killed a two-headed ogre
 18091 | Orc:1    | Gained mutation: Your thick and shaggy fur keeps you warm.
                  | (AC +3, rC+) [Felid growth]
 18091 | Orc:1    | Reached XP level 12. HP: 56/56 MP: 6/25
 18335 | Orc:2    | Entered Level 2 of the Orcish Mines
 18336 | Orc:2    | Noticed Nessos
 19172 | Lair:2   | Found a hole to the Spider Nest.
 19734 | Lair:2   | Noticed a death yak
 19750 | Lair:2   | Killed a death yak
 19831 | Lair:2   | Found a staircase to the Swamp.
 19896 | Lair:2   | Noticed a six-headed hydra
 19906 | Lair:2   | Killed a six-headed hydra
 19907 | Lair:2   | Reached skill level 5 in Transmutations
 20158 | Lair:2   | Noticed a five-headed hydra
 20170 | Lair:2   | Killed a five-headed hydra
 20918 | Lair:3   | Noticed a seven-headed hydra
 20961 | Lair:2   | Killed a seven-headed hydra
 21094 | Lair:3   | Noticed a four-headed hydra
 21120 | Lair:3   | Killed a four-headed hydra
 21258 | Lair:3   | Reached skill level 10 in Fighting
 21873 | Lair:3   | Noticed an eight-headed hydra
 21877 | Lair:3   | Reached XP level 13. HP: 60/61 MP: 11/27
 22764 | D:6      | Bought the Catalogue of the Impact and Attendants for 1400
                  | gold pieces
 22771 | D:6      | Learned a level 5 spell: Summon Forest
 22978 | Lair:3   | Slain by a cane toad
 22979 | Lair:3   | Reached XP level 12. HP: -3/58 MP: 19/26
 23077 | Lair:3   | Upgraded the game from 0.29-a0-919-gd064cfad1c to
                  | 0.29-a0-923-g6e406bff71
 23174 | Lair:4   | Reached skill level 10 in Spellcasting
 23253 | Lair:4   | Reached skill level 1 in Translocations
 23759 | Lair:4   | Noticed a seven-headed hydra
 23772 | Lair:4   | Killed a seven-headed hydra
 24329 | Lair:4   | Found a staircase to the Slime Pits.
 24685 | Lair:5   | Entered Level 5 of the Lair of Beasts
 24720 | Lair:5   | Noticed a four-headed hydra
 24733 | Lair:5   | Killed a four-headed hydra
 24951 | Lair:5   | Noticed a death yak
 24958 | Lair:5   | Killed a death yak
 24959 | Lair:5   | Noticed a death yak
 24959 | Lair:5   | Noticed a death yak
 24960 | Lair:5   | Noticed a death yak
 24961 | Lair:5   | Noticed a death yak
 25937 | Lair:5   | Reached skill level 5 in Translocations
 25937 | Lair:5   | Reached XP level 13. HP: 56/63 MP: 10/28
 26855 | Lair:5   | Learned a level 5 spell: Irradiate
 28051 | Lair:5   | Reached skill level 10 in Air Magic
 28563 | Lair:5   | Reached XP level 14. HP: 68/68 MP: 13/30
 29402 | D:10     | Entered Level 10 of the Dungeon
 29899 | D:10     | Found a sparkling altar of Nemelex Xobeh.
 31065 | D:11     | Identified 2 scrolls of acquirement
 31596 | D:11     | Acquired 804 gold pieces
 31598 | D:11     | Acquired the amulet "Jampoimp" {rElec Regen+ Str+4}
 31750 | D:12     | Reached skill level 10 in Transmutations
 33656 | D:13     | Learned a level 4 spell: Passage of Golubria
 33866 | D:13     | Noticed Erolcha
 33874 | D:13     | Killed Erolcha
 34350 | D:13     | Found Uri Jic's Jewellery Shop.
 35439 | D:14     | Identified the +5 great mace "Tulak" {vorpal, *Slow rElec
                  | MP+9 Stlth+}
 35443 | D:14     | Found a gate to the Vaults.
 35637 | D:14     | Reached XP level 15. HP: 73/73 MP: 7/32
 35751 | D:14     | Learned a level 7 spell: Storm Form
 36807 | D:14     | Killed from afar by a deep elf pyromancer
 36808 | D:14     | Reached XP level 14. HP: -7/69 MP: 29/31
 36927 | D:15     | Entered Level 15 of the Dungeon
 38071 | D:15     | Found a staircase to the Depths.
 38292 | D:15     | Found a blossoming altar of Fedhas.
 38560 | Orc:2    | Killed Nessos
 39627 | Orc:2    | Found a staircase to the Elven Halls.
 40377 | Orc:2    | Found Valiral's Weapon Boutique.
 40385 | Orc:2    | Found Jestunin's Weapon Shop.
 40966 | Orc:2    | Noticed an orc warlord
 41012 | Orc:2    | Killed an orc warlord
 41517 | Orc:2    | Found Hubydd's Weapon Shop.
 41561 | Orc:2    | Found Jits's General Store.
 42580 | Orc:1    | Bought Sif Muna's Monograph on Entrancing Shifting for 572
                  | gold pieces
 42580 | Orc:1    | Bought a manual of Unarmed Combat for 1040 gold pieces
 42580 | Orc:1    | Bought a Grand Grimoire for 442 gold pieces
 42580 | Orc:1    | Bought a book of Beasts for 494 gold pieces
 42581 | Orc:1    | Bought the ring "Kuikecs" {rN+ Will+} for 489 gold pieces
 42589 | Orc:1    | Learned a level 5 spell: Summon Mana Viper
 42661 | Elf:1    | Entered Level 1 of the Elven Halls
 42830 | Swamp:1  | Entered Level 1 of the Swamp
 42880 | Lair:2   | Reached XP level 15. HP: 64/74 MP: 22/33
 43248 | Swamp:1  | Noticed Mlioglotl
 43342 | Spider:1 | Entered Level 1 of the Spider Nest
 43946 | Spider:1 | Noticed Azrael
 43963 | Spider:1 | Killed Azrael
 44801 | Spider:1 | Noticed an emperor scorpion
 46711 | Elf:1    | Got the Cyclopedia of Unholy Rituals
 47664 | Elf:2    | Noticed an Ice Fiend
 48033 | Spider:1 | Killed an emperor scorpion
 48188 | Lair:2   | Learned a level 5 spell: Manifold Assault
 49604 | Spider:2 | Reached XP level 16. HP: 71/79 MP: 9/34
 49620 | Spider:2 | Demolished by a wolf spider simulacrum
 49621 | Spider:2 | Reached XP level 15. HP: -18/112 MP: 13/34
 50072 | Spider:2 | Noticed Louise
 50085 | Spider:2 | Killed Louise
 50086 | Spider:2 | Reached skill level 1 in Unarmed Combat
 50383 | Spider:2 | Identified the +6 scimitar of Yesterday {flame, Str+2
                  | Stlth+}
 50730 | Spider:3 | Identified the ring of Wenu {Will+ Slay+4}
 51457 | Spider:3 | Identified the +6 sling "Rojin" {vorpal, rPois Str+2 Int-2
                  | Dex+4}
 51465 | Spider:3 | Noticed an emperor scorpion
 51478 | Spider:3 | Killed an emperor scorpion
 52069 | Spider:4 | Entered Level 4 of the Spider Nest
 53023 | Orc:1    | Bought a ring of resist corrosion for 300 gold pieces
 53226 | Spider:4 | Reached skill level 5 in Unarmed Combat
 53393 | Spider:4 | Noticed an emperor scorpion
 53411 | Spider:4 | Killed an emperor scorpion
 53712 | Spider:4 | Noticed an emperor scorpion
 53722 | Spider:4 | Killed an emperor scorpion
 53792 | Spider:4 | Reached XP level 16. HP: 80/80 MP: 29/35
 54294 | Spider:4 | Reached skill level 15 in Transmutations
 54478 | Spider:4 | Got a gossamer rune of Zot
 54848 | Lair:2   | Killed Mlioglotl
 55082 | Swamp:1  | Identified the ring "Qiupsura" {rPois rCorr EV+4 Int-3
                  | SInv}
 55234 | Swamp:1  | Found a runed translucent door.
 55419 | Swamp:1  | Noticed iguanaiguana's ghost (adept DjSu)
 55683 | Swamp:2  | Found a runed translucent gate.
 55773 | Swamp:2  | You are sucked into a shaft and drop 1 floor!
 55812 | Swamp:2  | Reached skill level 15 in Fighting
 55882 | Swamp:2  | Found a runed translucent gate.
 55883 | Swamp:2  | Found a runed translucent gate.
 55886 | Swamp:2  | Noticed Ikeowk's ghost (journeyman SpAM)
 56208 | Swamp:2  | Found a bloodstained altar of Trog.
 56315 | Swamp:2  | Reached skill level 15 in Spellcasting
 56425 | Swamp:2  | Noticed a thorn hunter
 56430 | Swamp:2  | Killed a thorn hunter
 57339 | Swamp:4  | Entered Level 4 of the Swamp
 57374 | Swamp:4  | Noticed a thorn hunter
 57381 | Swamp:4  | Killed a thorn hunter
 57614 | Swamp:4  | Reached XP level 17. HP: 54/85 MP: 31/37
 57645 | Swamp:4  | Identified the +1 pair of boots "Waydifou" {rF- MP+9 Dex+4}
 58098 | Swamp:4  | Noticed the 27-headed Lernaean hydra
 58214 | Swamp:4  | Killed the 27-headed Lernaean hydra
 58497 | Swamp:4  | Got a decaying rune of Zot
 58905 | Swamp:1  | Killed iguanaiguana's ghost
 59120 | Swamp:2  | Killed Ikeowk's ghost
 59978 | Elf:2    | Reached skill level 10 in Translocations
 60111 | Elf:2    | Identified the +1 pair of gloves "Cokhlequ" {Harm +Inv rF-}
 60328 | Elf:2    | Paralysed by an air elemental for 1 turns
 60332 | Elf:2    | Reached skill level 10 in Unarmed Combat
 60707 | Elf:2    | Found a runed translucent gate.
 60708 | Elf:2    | Found a runed translucent gate.
 60708 | Elf:2    | Found a runed translucent gate.
 61182 | Vaults:1 | Entered Level 1 of the Vaults
 61564 | Vaults:1 | Slain by a vault warden
 61565 | Vaults:1 | Reached XP level 16. HP: 0/82 MP: 7/36
 61979 | Vaults:1 | Reached XP level 17. HP: 78/85 MP: 9/37
 62716 | Vaults:1 | Reached skill level 15 in Air Magic
 63128 | Vaults:1 | Noticed Saint Roka
 63363 | Vaults:1 | Killed Saint Roka
 63622 | Vaults:1 | Found Kuzyni's General Store.
 64288 | Vaults:2 | Found a staircase to the Crypt.
 64524 | Vaults:2 | Found a portal to a secret trove of treasure.
 64599 | Vaults:2 | Found a crumbling gateway.
 64608 | Desolati | Entered the Desolation of Salt
 64655 | Desolati | Reached skill level 15 in Dodging
 64786 | Desolati | Reached XP level 18. HP: 89/90 MP: 38/38
 64800 | Desolati | Got the Vellum of Transposition and Bewitchment
 64804 | Desolati | Identified the +2 hand axe of the Moon {vorpal, *Rage rElec
                  | rN++ Will+}
 64816 | Desolati | Identified the ring "Rooduc" {rElec AC+4}
 64929 | Desolati | Identified the ring "Oshras Xuip" {Fire Drain Fly Will+
                  | Stlth+}
 65061 | Desolati | Learned a level 2 spell: Blink
 65063 | Desolati | Identified the +8 shadow dragon scales of Cheibriados's
                  | Esteem {Will+ Stlth++++}
 65066 | Desolati | Identified the ring of Qomn {Will+ Dex+3}
 65185 | Desolati | Found the +3 Mad Mage's Maulers {Infuse+∞ RegenMP Int-3}
 65275 | Desolati | Identified the +0 pair of boots of Paranoia {rElec rF-
                  | Will+ Str+7}
 65277 | Desolati | Identified the ring of Eguanem {Ice rN+ rCorr Dex+3}
 65280 | Desolati | Identified the ring "Tewkatef" {Wiz rF+ Int+2}
 66703 | Vaults:2 | Got the Book of Hurting
 67327 | Vaults:3 | Noticed a lich
 67332 | Vaults:3 | Killed a lich
 67333 | Vaults:3 | Reached skill level 10 in Stealth
 67354 | Vaults:3 | Noticed Xtahua
 67430 | Vaults:3 | Noticed Margery
 67446 | Vaults:2 | Killed Margery
 67899 | Vaults:3 | Killed Xtahua
 68134 | Vaults:3 | Reached XP level 19. HP: 95/95 MP: 29/40
 68600 | Vaults:3 | Noticed Nikola
 68951 | Vaults:3 | Killed Nikola
 69182 | Vaults:3 | Noticed Donald
 69192 | Vaults:3 | Killed Donald
 69379 | Vaults:3 | Noticed Bai Suzhen
 69404 | Vaults:3 | Killed Bai Suzhen
 70359 | Vaults:4 | Noticed Sojobo
 70928 | Vaults:4 | Killed Sojobo
 70935 | Vaults:4 | Killed from afar by a tengu reaver
 70936 | Vaults:4 | Reached XP level 18. HP: -25/92 MP: 39/39
 71902 | Vaults:4 | Reached XP level 19. HP: 90/96 MP: 15/40
 72459 | Vaults:4 | Noticed Boris
 72467 | Vaults:4 | Killed Boris
 72686 | Vaults:4 | Reached skill level 10 in Summonings
 73263 | Elf:3    | Entered Level 3 of the Elven Halls
 73436 | Elf:3    | Identified Roxanne's Codex of Reformation
 73436 | Elf:3    | Noticed Roxanne
 73539 | Elf:3    | Got the Vellum of Shapeshifting
 73678 | Orc:1    | Bought the ring "Veociuh" {SInv Stlth+} for 372 gold pieces
 73680 | Orc:1    | Bought the ring of Xuaff {+Blink rElec rC+ Stlth-} for 847
                  | gold pieces
 73681 | Orc:1    | Bought a scroll of blinking for 97 gold pieces
 73836 | Elf:3    | Reached skill level 15 in Translocations
 73923 | Elf:3    | Killed Roxanne
 74308 | Elf:3    | Learned a level 7 spell: Malign Gateway
 74524 | Elf:3    | Found a radiant altar of Vehumet.
 74996 | Elf:3    | Upgraded the game from 0.29-a0-923-g6e406bff71 to
                  | 0.29-a0-925-g0a7a3d12f8
 75047 | Elf:3    | Identified the +12 short sword "Gumuhyo" {spect, Contam
                  | Will+ Str+8}
 75047 | Elf:3    | Identified the amulet of Wiapejeh {Reflect *Slow rF+++
                  | Will+ SH+5}
 75095 | Elf:3    | Identified the ring "Ozist" {Fire rN+}
 75223 | Elf:3    | Identified the +8 morningstar "Kerphuck" {vorpal, rPois}
 75340 | Elf:3    | Found the +8 lance "Wyrmbane" {slay drac, rPois rF+ rC+
                  | AC+3}
 75359 | Elf:3    | Shot with an arrow by a deep elf master archer
 75360 | Elf:3    | Reached XP level 18. HP: -6/93 MP: 31/40
 75623 | Elf:3    | Got Borgnjor's Grimoire of Black Magic
 75631 | Elf:3    | Got the Codex of Frigid Bolts
 76104 | Orc:1    | Bought a potion of curing for 42 gold pieces
 76104 | Orc:1    | Bought a potion of resistance for 140 gold pieces
 76104 | Orc:1    | Bought a potion of heal wounds for 70 gold pieces
 76104 | Orc:1    | Bought a potion of brilliance for 56 gold pieces
 76104 | Orc:1    | Bought a potion of haste for 140 gold pieces
 76104 | Orc:1    | Bought a potion of curing for 42 gold pieces
 76104 | Orc:1    | Bought a potion of curing for 42 gold pieces
 76106 | Orc:1    | Bought a book of Transfigurations for 520 gold pieces
 76107 | Orc:1    | Bought the ring of Ygat Qiz {MP+9 Int+3} for 632 gold
                  | pieces
 76107 | Orc:1    | Bought the ring of the Mage {Wiz Archmagi} for 969 gold
                  | pieces
 76107 | Orc:1    | Found the ring of the Mage {Wiz Archmagi}
 76109 | Orc:1    | Bought a scroll of silence for 161 gold pieces
 76109 | Orc:1    | Bought a scroll of fog for 68 gold pieces
 76109 | Orc:1    | Bought a scroll of teleportation for 51 gold pieces
 76109 | Orc:1    | Bought a scroll of immolation for 68 gold pieces
 76109 | Orc:1    | Bought a scroll of fear for 68 gold pieces
 76109 | Orc:1    | Bought a scroll of teleportation for 51 gold pieces
 76109 | Orc:1    | Bought 3 scrolls of fear for 204 gold pieces
 76239 | Slime:1  | Entered Level 1 of the Pits of Slime
 78325 | Slime:1  | Reached XP level 19. HP: 89/96 MP: 24/41
 79743 | Slime:5  | Entered Level 5 of the Pits of Slime
 79859 | Slime:5  | Slain by a rockslime

Illustrated notes

Levels and vault maps discovered:
D:1:      dpeg_arrival_three_bigger_balls, layout_basic,
          dreamdust_ecumenical_altar_statues
D:2:      layout_rooms, serial_co_window_serial, co_window_paths_a,
          co_window_corner_a, co_window_paths_a, co_window_paths_a,
          co_window_cross_1, co_window_corner_a, co_window_paths_a,
          co_window_unsneaky_path_d, co_window_unsneaky_path_c,
          co_window_2corner, co_window_corner_ca, co_window_broadway_c,
          co_window_cross_2, minmay_misc_feat_cross, uniq_jessica
D:3:      kennysheep_goblin_castle, layout_basic, uniq_ijyb
D:4:      layout_basic, kennysheep_nub
D:5:      layout_loops_ring, tgw_xom, nicolae_overflow_hallway_of_the_gods,
          nicolae_wormholes
D:6:      layout_basic, nicolae_shop_i_like_big_books
D:7:      layout_basic, minmay_temple_entry_tees, serial_corexii_hall,
          corexii_hall_statues_x, chequers_hall_statues_corner_a,
          chequers_hall_statues_y, corexii_hall_statues_t
D:8:      layout_basic, mainiacjoe_overflow_small_starburst
D:9:      layout_basic, dpeg_lair_monsters, erik_orc_3, serial_shops,
          nicolae_shop_hallway_plus, uniq_maurice
D:10:     layout_long_grid, mainiacjoe_overflow_catwalk, serial_undead,
          serial_undead_b, serial_undead_b, serial_undead_b, serial_undead_e,
          minmay_misc_feat_x, nicolae_water_bricks
D:11:     layout_irregular_city, serial_bayou_pond_c,
          amcnicky_mini_corridor_feature
D:12:     layout_stronghold, kb_rosetta
D:13:     layout_roguey, serial_shops, shop, uniq_erolcha
D:14:     layout_basic, ximxim_vaults_locker_room, special_room
          [special_room_bee], nrook_campfire
D:15:     hangedman_depths_entry_try_elsewhere_first, layout_rooms,
          fedhas_altar_fruit_tree
Temple:   minmay_temple_forest_path
Lair:1:   layout_cave_pods, minmay_shattered_shrine
Lair:2:   layout_chaotic_city, swamp_mist_pool,
          hellmonk_spider_entry_life_and_decay, lemuel_fruit_tree
Lair:3:   layout_concentric_octagons, st_stairs_13,
          nicolae_quartered_pool_little, beast_lair_carwin_7
Lair:4:   layout_misc_corridors, minmay_slime_entry_oklob_open, minivault_26,
          serial_bayou_shore_b
Lair:5:   minmay_lair_end_enchanted_forest, layout_gridlike
Swamp:1:  layout_basic_swamp, ebering_ghost_reflecting_pool,
          nicolae_swamp_fairy_circle, swamp_pool1, uniq_mlioglotl
Swamp:2:  layout_basic_swamp, ebering_ghost_rock_garden,
          evilmike_swamp_ruin_house_5, lemuel_altar_in_water
Swamp:3:  layout_basic_swamp, hangedman_swamp_ruin_wall
Swamp:4:  swamp_old_school, layout_basic_swamp, infiniplex_staircase_pool
Spider:1: layout_spider_delve, uniq_azrael
Spider:2: layout_spider_delve, nicolae_spider_cling_halls, uniq_louise
Spider:3: layout_cave_pods
Spider:4: floodkiller_spider_rune_tomb, nicolae_spider_eight_legs
Slime:1:  layout_caves
Slime:2:  layout_caves
Slime:3:  layout_caves
Slime:4:  layout_caves
Slime:5
Orc:1:    layout_caves
Orc:2:    pubby_orc_utopia, serial_shops, uniq_nessos
Elf:1:    layout_gridlike, minmay_elf_necromancy, minmay_misc_feat_pillars,
          solitary_fountain
Elf:2:    nicolae_elf_blades_crystal_corner, layout_geoelf_octagon
Elf:3:    elf_hall_gauntlet_narrow, layout_geoelf_octagon, basic_altar,
          grunt_megastairs_4, uniq_roxanne
Vaults:1: vaults_standard_mumra_enter_the_diamond,
          nicolae_vaults_windows_and_doors_thing,
          nicolae_vaults_border_crossing, nicolae_vaults_ring_of_whatevers,
          nicolae_vaults_specimen_jars, layout_vaults_big_room, serial_shops,
          nicolae_shop_advertising_works [nicolae_subvault_shop_adworks],
          uniq_saint_roka
Vaults:2: portal_desolation_entry_nicolae_slug, v_alt_pattern_1,
          nicolae_vaults_what_the_h, ontoclasm_vaults_hangar,
          hangedman_vaults_nodes, hangedman_vaults_trim,
          minmay_crypt_entry_simple_statues, nicolae_vaults_shelves_hall,
          vaults_room_hangedman_quadrants, grunt_vaults_funnel,
          hangedman_vaults_restitches, v_rooms_3, ontoclasm_vaults_hangar,
          layout_vaults_omnibox, nicolae_trove_entry_diagonal
Vaults:3: ontoclasm_vaults_spin, v_pattern_2, grunt_vaults_twisty,
          st_octagons_2, nicolae_vaults_network_periphery,
          nicolae_vaults_little_squares_2, vaults_mumra_minichess_inversion,
          vaults_mumra_lcd, nicolae_vaults_big_ls, layout_vaults_maze,
          uniq_bai_suzhen, uniq_xtahua, uniq_nikola, uniq_margery, uniq_donald
Vaults:4: vaults_room_corners, v_misc_18, hangedman_vaults_slither, v_misc_13,
          nicolae_vaults_network_star, vaults_mumra_hex,
          nicolae_vaults_asterisk, layout_vaults_omnigrid, uniq_sojobo,
          uniq_boris

Skill      XL: |  1  2  3  4  5  6  7  8  9 10 11 12 13 14 15 16 17 18 19 |
---------------+----------------------------------------------------------+-----
Dodging        | 3 4 5 6 7 9 10 11 12 13 15 17 | 17.7
Stealth        | 3 4 5 6 8 9 12 11 | 12.0
Fighting       | 1 2 3 5 6 7 8 11 13 14 15 16 17 | 17.7
Hexes          | 1 3 |  3.0
Spellcasting   | 3 4 5 6 7 8 10 11 13 15 16 17 | 17.2
Summonings     | 5 6 7 8 9 10 | 10.9
Air Magic      | 2 4 5 6 9 10 12 13 14 15 16 | 16.6
Transmutations | 4 8 9 12 13 16 17 | 17.0
Translocations | 5 7 9 12 13 16 | 16.0
Unarmed Combat | 5 9 12 14 13 | 14.3

Action                   |  1- 3 |  4- 6 |  7- 9 | 10-12 | 13-15 | 16-18 | 19-21 || total
-------------------------+-------+-------+-------+-------+-------+-------+-------++-------
Melee: Unarmed           |    43 |    39 |   149 |   134 |   461 |  1297 |   491 ||  2614
       Bite              |     1 |     1 |    13 |    19 |    53 |     1 |     1 ||    89
       Punch             |       |       |     1 |       |    12 |    99 |    51 ||   163
 Cast: Summon Small Mamm |    30 |       |       |     1 |     3 |       |       ||    34
       Call Imp          |    17 |    22 |    14 |     1 |     1 |       |       ||    55
       Call Canine Famil |     5 |    34 |    49 |   112 |   220 |     4 |       ||   424
       Summon Guardian G |       |     6 |    50 |   128 |   226 |     4 |     3 ||   417
       Summon Lightning  |       |       |     1 |    97 |   159 |    11 |     3 ||   271
       Summon Forest     |       |       |       |     5 |   106 |    54 |    17 ||   182
       Summon Mana Viper |       |       |       |       |   123 |    62 |    30 ||   215
       Storm Form        |       |       |       |       |    29 |   156 |    63 ||   248
       Manifold Assault  |       |       |       |       |     9 |   142 |    69 ||   220
       Irradiate         |       |       |       |       |     1 |       |       ||     1
       Malign Gateway    |       |       |       |       |       |     7 |     6 ||    13
Invok: Potion Petition   |       |       |       |     1 |     3 |     6 |     3 ||    13
       Call Merchant     |       |       |       |       |     3 |     3 |       ||     6
 Abil: Blinkbolt         |       |       |       |       |     3 |   103 |    30 ||   136
Evoke: Wand              |       |       |       |     3 |     5 |     1 |       ||     9
  Use: Potion            |     1 |     1 |       |       |     4 |     1 |       ||     7
       Scroll            |       |       |    19 |     6 |    10 |     2 |       ||    37
 Stab: Sleeping          |     1 |       |     1 |     3 |     4 |    15 |     4 ||    28
       Distracted        |       |       |     4 |     9 |    23 |    24 |     7 ||    67
       Invisible         |       |       |       |       |       |     2 |       ||     2
Armor: Skin              |     1 |     3 |     4 |    12 |    57 |   155 |    39 ||   271
Dodge: Dodged            |    43 |    61 |   220 |   301 |   967 |  1476 |   371 ||  3439

Table legend: (Time is in decaauts)
 A = Elapsed time spent in this place.
 B = Non-inter-level travel time spent in this place.
 C = Inter-level travel time spent in this place.
 D = Time resting spent in this place.
 E = Time spent auto-exploring this place.
 F = Levels seen in this place.
 G = Mean time per level.
                   A        B        C        D        E       F      G
               +--------+--------+--------+--------+--------+-----+--------+
         Total |  73633 |  67907 |   5726 |  24225 |  18172 |  44 | 1673.5 |
       Dungeon |  22566 |  20349 |   2217 |   7047 |   6203 |  15 | 1504.4 |
        Temple |    312 |    271 |     41 |      0 |    260 |   1 |  312.0 |
          Lair |  12204 |  11113 |   1091 |   4829 |   2961 |   5 | 2440.8 |
         Swamp |   4472 |   4232 |    240 |    796 |   1431 |   4 | 1118.0 |
   Spider Nest |   7532 |   7315 |    217 |   2810 |   1176 |   4 | 1883.0 |
    Slime Pits |   3503 |   3414 |     89 |   1616 |    924 |   5 |  700.6 |
  Orcish Mines |   5680 |   5008 |    672 |   1840 |   1337 |   2 | 2840.0 |
   Elven Halls |   6504 |   6027 |    477 |   2366 |    647 |   3 | 2168.0 |
        Vaults |   9958 |   9278 |    680 |   2809 |   2991 |   4 | 2489.5 |
    Desolation |    896 |    896 |      0 |    108 |    238 |   1 |  896.0 |
               +--------+--------+--------+--------+--------+-----+--------+

Top non-repeatable levels by time:
   Orc:2: 3925 daAuts
Vaults:3: 3097 daAuts
  Lair:4: 2792 daAuts
Vaults:1: 2732 daAuts
   Elf:1: 2617 daAuts
Spider:1: 2606 daAuts
  Lair:2: 2604 daAuts
     D:9: 2491 daAuts
   Elf:3: 2443 daAuts
  Lair:1: 2394 daAuts
  Lair:5: 2232 daAuts
  Lair:3: 2181 daAuts
    D:14: 2111 daAuts
Vaults:4: 2108 daAuts
Vaults:2: 2021 daAuts
